Cogmind - Beta 14 @@@ ROGUE MODE // 2024.12.02 @ 21:14:30 Player: OctagonalPrism Result: Destroyed by H-77 Assassin with Coil Gun Performance ------------- Evolutions (6) 3000 Regions Visited (9) 1800 Robots Destroyed (134) 670 Value Destroyed (4339) 4339 Prototype IDs (35) 700 Alien Tech Used (0) 0 Bonus (1489) 1489 TOTAL SCORE: 11998 Bonus ------- High Alert Combat Kills 646 Follower Combat Kills 343 Entered DSFs 500 Cogmind --------- Core Integrity 0/1150 Matter 233/300 Energy 57/325 System Corruption 12% Temperature Cool (0) Movement Rolling (106) Ox1 Location -4/Extension Parts ------- > --- POWER (1) -------- Antimatter Reactor > --- PROPULSION (4) --- Wheel Compact Wheel Centrium Wheel > --- UTILITY (12) ----- Power Amplifier Advanced Heat Sink Advanced Heat Sink Advanced Coolant Injector Advanced Signal Interpreter Experimental Core Analyzer Experimental Core Analyzer Improved Medium Armor Plating Graphene Brace Improved Remote Force Field Hacking Suite > --- WEAPON (2) ------- Plasma Rifle Coil Gun > --- INVENTORY (5) ---- KE Penetrator Bore Cannon Katana Phasing Sabre PL-3XN's Ring of Power Peak State ------------ > --- POWER ------------ Cooled Fission Core > --- PROPULSION ------- Advanced Medium Treads Advanced Heavy Siege Treads Centrium Wheel > --- UTILITY ---------- Advanced Heat Sink Advanced Heat Sink Advanced Coolant Injector Advanced Signal Interpreter Advanced Targeting Computer Improved Transmission Jammer Improved Heavy Armor Plating Advanced Shield Generator Improved Hacking Suite Improved System Shield System Guard > --- WEAPON ----------- Cooled Plasma Rifle Hypervelocity Coil Gun > --- INVENTORY -------- Neutrino Core Antimatter Reactor Light Antimatter Reactor Cooled Plasma Rifle Katana [Rating: 117] Favorites ----------- Power Cooled Fission Core Engine Heavy Ion Engine Power Core Cooled Fission Core Reactor Antimatter Reactor Propulsion Improved Flight Unit Treads Advanced Medium Treads Leg Improved VSS Leg Wheel Compact Wheel Flight Unit Improved Flight Unit Utility Hacking Suite Device Improved Terrain Scanner Storage Medium Storage Unit Processor Advanced Signal Interpreter Hackware Hacking Suite Protection Improved Heavy Armor Plating Weapon Improved Assault Rifle Energy Gun Cooled Plasma Rifle Energy Cannon Advanced Beam Cannon Ballistic Gun Improved Assault Rifle Ballistic Cannon Bore Cannon Launcher Rocket Launcher Impact Weapon Hammer Slashing Weapon Katana Build | -11 -10 -9 -8 -7 -6 -6 -5 -4 -4 ------- Run | Yrd Mat Mat Mat Fac Fac DSF Fac Fac Ext Slots Evolved 12 | . . 2 2 2 2 . 2 2 . Power . | . . . . . . . . . . Propulsion 2 | . . . 2 . . . . . . Utility 10 | . . 2 . 2 2 . 2 2 . Weapon . | . . . . . . . . . . Parts Attached 177 | 7 11 28 14 8 5 1 24 50 29 Power 21 | 1 2 3 . 1 1 . 6 5 2 Engine 10 | 1 2 3 . 1 . . 3 . . Core 7 | . . . . . 1 . 3 3 . Reactor 4 | . . . . . . . . 2 2 Propulsion 36 | 2 2 7 4 . 1 . 4 12 4 Treads 9 | 1 1 2 . . . . . 5 . Leg 5 | . . . . . . . . 4 1 Wheel 12 | 1 1 5 . . . . . 2 3 Hover . | . . . . . . . . . . Flight 10 | . . . 4 . 1 . 4 1 . Utility 79 | 2 4 10 7 4 3 1 7 28 13 Device 38 | 1 3 5 3 2 1 . 2 14 7 Storage 3 | 1 1 1 . . . . . . . Processor 12 | . . 2 . 1 2 . 1 5 1 Hackware 14 | . . 1 3 1 . . 4 4 1 Protection 12 | . . 1 1 . . 1 . 5 4 Artifact . | . . . . . . . . . . Weapon 41 | 2 3 8 3 3 . . 7 5 10 Energy Gun 17 | 1 3 . 1 2 . . 4 3 3 Energy Cannon 2 | . . 2 . . . . . . . Ballistic Gun 12 | 1 . 5 . 1 . . 1 2 2 Ballistic Cannon 2 | . . . . . . . . . 2 Launcher 2 | . . 1 . . . . 1 . . Special Weapon . | . . . . . . . . . . Impact Weapon 1 | . . . 1 . . . . . . Slashing Weapon 5 | . . . 1 . . . 1 . 3 Piercing Weapon . | . . . . . . . . . . Special Melee Weapon . | . . . . . . . . . . Unidentified Prototypes 11 | . . 3 . 2 1 . 3 2 . Parts Lost 68 | . 5 14 1 . 1 3 1 25 18 Power 6 | . 1 1 . . . 1 1 1 1 Propulsion 18 | . 2 4 . . . 1 . 6 5 Utility 31 | . . 4 1 . 1 1 . 15 9 Weapon 13 | . 2 5 . . . . . 3 3 Highest Loss Streak 12 | . 5 6 1 . 1 2 1 12 9 To Critical Strikes . | . . . . . . . . . . Average Slot Usage (%) 83 | . 82 90 99 95 100 83 82 79 72 Engine 3 | . 10 10 9 7 3 . 1 . . Core 1 | . . . . . 2 . 2 4 . Treads 5 | . 14 8 . . . . . 6 1 Wheel 3 | . 8 10 . . . . . 1 5 Flight 6 | . . . 36 30 26 23 12 3 . Device 14 | . 7 9 15 15 17 13 10 16 22 Storage 2 | . 14 11 . . . . . . . Processor 13 | . . 11 . 3 16 18 11 16 19 Hackware 12 | . . 2 16 22 20 13 35 15 . Protection 2 | . . 4 2 . . . . 2 1 Energy Gun 3 | . 22 2 2 . . . . 4 3 Ballistic Gun 5 | . 3 15 9 7 6 6 . 2 . Slashing Weapon 2 | . . . 3 7 6 6 4 1 2 Peak Build Rating 117 | 9 10 22 34 43 54 54 82 117 103 Average Rating 62 | 5 6 16 32 39 51 44 61 97 81 On Entrance 35 | . 9 8 21 34 43 54 33 82 66 Naked Turns . | . . . . . . . . . . Heaviest Build 57 | 14 20 31 20 18 19 17 23 57 51 Greatest Support 137 | 10 20 40 20 20 20 20 28 137 60 Greatest Overweight (x) 13 | 1 1 6 . . . . . 13 9 Average Overweight (x) . | . . . . . . . . . . Largest Inventory Capacity 10 | 8 10 10 10 5 5 5 5 5 5 Average Capacity 6 | 7 8 10 5 5 5 5 5 5 5 Most Carried 10 | 4 7 10 10 5 5 5 5 5 5 Average Carried 4 | 2 4 7 4 4 3 4 3 4 3 Final Capacity 10 | 8 10 10 5 5 5 5 5 5 5 Final Carried 9 | 4 3 9 5 5 4 5 5 5 5 Class Distribution -------------------- 26% | Scavenger-Mutant 25% | Hacker-Mutant 16% | Mutant 9% | Wizard-Mutant 7% | Hacker-Sprinter 7% | Wizard-Ninja 4% | Hacker-Ninja Dominant Class ---------------- Mutant | -10/Materials Scavenger-Mutant | -9/Materials Hacker-Sprinter | -8/Materials Hacker-Sprinter | -7/Factory Hacker-Ninja | -6/Factory Hacker-Ninja | -6/DSF Wizard-Mutant | -5/Factory Hacker-Mutant | -4/Factory Scavenger-Mutant | -4/Extension Resources | -11 -10 -9 -8 -7 -6 -6 -5 -4 -4 ----------- Run | Yrd Mat Mat Mat Fac Fac DSF Fac Fac Ext Matter Collected 3076 | 248 173 779 80 161 . . 66 1102 467 Remotely . | . . . . . . . . . . Salvage Created 5746 | 54 374 1587 110 194 . . 66 2556 805 Parts 334 | 8 17 108 6 12 . . 11 129 43 Haulers Intercepted 6 | . . 5 . . . . . 1 . Recyclers Shooed 2 | . 1 . . . . . . 1 . Parts Field Recycled . | . . . . . . . . . . Retrieved Matter . | . . . . . . . . . . Parts Self-Destructed . | . . . . . . . . . . Prevented . | . . . . . . . . . . Kills | -11 -10 -9 -8 -7 -6 -6 -5 -4 -4 ------- Run | Yrd Mat Mat Mat Fac Fac DSF Fac Fac Ext Combat Hostiles Destroyed 87 | . 9 33 . . . . . 34 11 Melee 3 | . . . . . . . . . 3 Guns 70 | . 9 26 . . . . . 31 4 Cannons 9 | . . 5 . . . . . . 4 AOE 2 | . . 2 . . . . . . . Classes Destroyed 16 | 1 4 4 . . . . 1 5 1 Worker 6 | . . . . . . . 1 5 . Builder 6 | . . 2 . 1 . . 1 2 . Tunneler 7 | 3 . . 1 . . . 2 1 . Hauler 6 | . . 5 . . . . . 1 . Recycler 4 | . . 1 . 1 . . . 2 . Operator 5 | . 1 2 1 . . . . . 1 Watcher 13 | . 1 3 2 3 . . . 4 . Swarmer 29 | . 2 11 . . . . . 16 . Grunt 31 | . 7 15 . . . . . 4 5 Duelist 1 | . . . . . . . . 1 . Protector 1 | . . . . . . . . . 1 Sentry 11 | . . 7 . . . . . 1 3 Specialist 2 | . . . . . . . . 2 . Hunter 9 | . . . . . . . . 7 2 Programmer 2 | . . . . . . . . 2 . Heavy 1 | . . . . . . . . 1 . Best Kill Streak 8 | 3 3 7 1 2 . . 2 8 2 Combat Bots Only 8 | . 3 6 . . . . . 8 2 Max Kills in Single Turn 2 | 1 2 2 1 1 . . 1 2 1 Gunslinging 1 | . 1 . . . . . . . . Exploded 1 | . . 1 . . . . . . . Melee 1 | . . . . . . . . . 1 Uniques/NPCs Destroyed . | . . . . . . . . . . Combat | -11 -10 -9 -8 -7 -6 -6 -5 -4 -4 -------- Run | Yrd Mat Mat Mat Fac Fac DSF Fac Fac Ext Hostile Shots Fired 1108 | . 113 159 . 10 9 42 18 562 195 Missed 316 | . 25 41 . 5 3 22 9 154 57 Damage Taken 11787 | . 1028 1420 . 66 53 429 246 6008 2537 Core 1916 | . 222 286 . 35 6 96 114 754 403 Absorbed by Shields 930 | . . . . . . . . 597 333 Reduced by Siege Mode 420 | . . . . . . . . 420 . Ignored by Resistances 29 | . . . . . . 10 . 19 . Regen/Repaired (Parts) 756 | . . . . . . . 96 660 . Core Remaining (%) 72 | 100 11 28 100 95 . 88 88 . . Volleys Fired 376 | 5 59 128 1 . . . . 131 52 Largest 2 | 2 2 2 2 . . . . 2 2 Hottest 132 | 60 105 105 79 . . . . 107 132 Shots Fired 632 | 10 97 235 2 . . . . 213 75 Gun 580 | 10 97 205 2 . . . . 213 53 Cannon 48 | . . 26 . . . . . . 22 Launcher 4 | . . 4 . . . . . . . Special . | . . . . . . . . . . Kinetic 344 | 5 22 172 1 . . . . 94 50 Thermal 284 | 5 75 59 1 . . . . 119 25 Explosive 4 | . . 4 . . . . . . . Electromagnetic . | . . . . . . . . . . Robot Hit Streak 30 | 3 9 30 5 . . . . 19 6 Robot Miss Streak 5 | 1 3 4 . . . . . 4 5 Penetration Max 3 | . . . . . . . . 3 1 Secondary Targets 9 | . 1 2 . . . . . 5 1 Max Gunslinging Chain 1 | . 1 1 . . . . . 1 1 Shots Hit Robots 487 | 6 67 159 5 6 . 1 8 183 52 Core Hits 230 | 3 20 68 2 5 . . 2 95 35 Critical Kills 23 | . . 1 . . . . . 19 3 Critical Parts Destroyed 17 | . . 1 2 . . . . 13 1 Critical Strikes 59 | . 1 3 2 . . . . 44 9 Burn 12 | . 1 1 . . . . . 10 . Destroy 40 | . . 2 . . . . . 33 5 Smash 2 | . . . 2 . . . . . . Sever 5 | . . . . . . . . 1 4 Melee Attacks 185 | . . . 7 29 17 3 43 52 34 Impact 3 | . . . 3 . . . . . . Slashing 182 | . . . 4 29 17 3 43 52 34 Piercing . | . . . . . . . . . . Sneak Attacks 15 | . . . 1 2 . . 6 6 . Combat Hostiles . | . . . . . . . . . . Follow-up Attacks . | . . . . . . . . . . Damage Inflicted 9899 | 71 798 2525 178 288 . 36 493 4043 1467 Guns 7101 | 71 796 2134 32 . . . . 3289 779 Cannons 412 | . . 228 . . . . . . 184 Explosions 214 | . . 163 . . . . . 51 . Melee 2162 | . . . 146 288 . 36 493 695 504 Ramming 10 | . 2 . . . . . . 8 . Kinetic 3452 | 38 142 1886 14 . . . . 763 609 Thermal 4112 | 33 654 476 18 . . . . 2577 354 Explosive 163 | . . 163 . . . . . . . Electromagnetic . | . . . . . . . . . . Impact 77 | . . . 77 . . . . . . Slashing 2085 | . . . 69 288 . 36 493 695 504 Piercing . | . . . . . . . . . . Highest Corruption 15 | . . . . 2 . 1 . 15 12 Average Corruption 3 | . . . . 1 . 1 . 4 4 Corruption Purged 9 | . . . . 2 . . . 7 . Corruption Blocked . | . . . . . . . . . . Effects 61 | . . . . 7 . . . 29 25 Message Errors 17 | . . . . 1 . . . 7 9 Matter Fused 9 | . . . . 2 . . . 3 4 Heat Flow Errors 7 | . . . . 1 . . . 4 2 Energy Discharges 7 | . . . . 2 . . . 2 3 Parts Rejected 1 | . . . . . . . . 1 . Data Loss (minor) 5 | . . . . 1 . . . 1 3 Data Loss (major) 6 | . . . . . . . . 5 1 Misfires 5 | . . . . . . . . 3 2 Alerts 2 | . . . . . . . . 1 1 Weapon Failures 2 | . . . . . . . . 2 . Overload Shots 13 | . . . . . . . . 13 . Overflow Damage 429 | . . 19 116 . . . 182 112 . Projectiles 19 | . . 19 . . . . . . . Explosions 7 | . . . . . . . . 7 . Melee 403 | . . . 116 . . . 182 105 . Knockbacks 2 | . . . 1 . . . . . 1 Impact 1 | . . . 1 . . . . . . Kinetic 1 | . . . . . . . . . 1 Secondary . | . . . . . . . . . . Self-Inflicted Damage 95 | . . 91 . . . . . 4 . Shots 3 | . . 3 . . . . . . . Rammed 2 | . 1 . . . . . . 1 . Targets Rammed 2 | . 1 . . . . . . 1 . Kicked . | . . . . . . . . . . Crushed . | . . . . . . . . . . Highest Temperature 273 | . 182 273 30 123 . . . 224 139 Average Temperature 60 | . 56 65 16 58 . . . 90 36 Received Heat Transfer 1738 | . 519 477 . . . . 18 236 488 Effects 2 | . . 2 . . . . . . . Interference 2 | . . 2 . . . . . . . Siege Activations 5 | . . . . . . . . 5 . Total Turns 165 | . . . . . . . . 165 . Longest Duration 65 | . . . . . . . . 65 . Robots Corrupted 1 | . . . 1 . . . . . . Combat Hostiles . | . . . . . . . . . . Parts Fried 1 | . . . 1 . . . . . . Impact Corruptions 3 | . . . 3 . . . . . . Robots Melted 3 | . . . . . . . . 3 . Combat Hostiles 3 | . . . . . . . . 3 . Parts Melted 32 | . 2 1 . . . . . 28 1 Heat Transferred 9034 | 75 1559 1051 37 . . . . 5863 449 Parts Sabotaged . | . . . . . . . . . . Parts Stolen . | . . . . . . . . . . Parts Stripped . | . . . . . . . . . . Power Chain Reactions . | . . . . . . . . . . Alert | -11 -10 -9 -8 -7 -6 -6 -5 -4 -4 ------- Run | Yrd Mat Mat Mat Fac Fac DSF Fac Fac Ext Peak Influence 893 | 15 321 810 400 278 219 238 251 893 460 Initial 390 | . 9 135 341 129 116 163 124 104 390 Average 306 | 2 161 529 306 175 162 166 142 288 339 Maximum Alert Level 3 | . 1 3 2 1 1 1 1 3 2 Low Security (%) 45 | 100 53 8 . 65 94 86 90 56 7 Level 1 26 | . 46 22 91 34 5 13 9 16 59 Level 2 18 | . . 43 8 . . . . 13 32 Level 3 10 | . . 25 . . . . . 12 . Level 4 . | . . . . . . . . . . Level 5 . | . . . . . . . . . . High Security . | . . . . . . . . . . Max Security . | . . . . . . . . . . Squads Dispatched 38 | . 2 4 3 4 . 2 4 10 9 Investigation 16 | . 1 2 2 2 . . 1 3 5 Extermination 3 | . . . . 1 . . . 2 . Reinforcement 17 | . 1 2 1 1 . 2 3 4 3 Assault 2 | . . . . . . . . 1 1 Garrison . | . . . . . . . . . . Intercept . | . . . . . . . . . . Searches Triggered . | . . . . . . . . . . Construction Impeded 2 | . . . . . . . 1 . 1 Haulers Reinforced . | . . . . . . . . . . Active Scanning Responses . | . . . . . . . . . . Cargo Convoy Interrupts 1 | . . . . . . . . 1 . Stealth | -11 -10 -9 -8 -7 -6 -6 -5 -4 -4 --------- Run | Yrd Mat Mat Mat Fac Fac DSF Fac Fac Ext Distress Signals 8 | . 1 3 . . . . 2 1 1 Communications Jammed 28 | . . . . . . . 7 21 . Distress Signals 19 | . . . . . . . 7 12 . Times Spotted 215 | . 17 52 5 7 3 14 16 74 27 Peak Tracking Total 9 | . 6 7 2 5 3 9 7 9 7 Tactical Retreats 35 | . 3 5 . 2 2 3 5 14 1 Traps | -11 -10 -9 -8 -7 -6 -6 -5 -4 -4 ------- Run | Yrd Mat Mat Mat Fac Fac DSF Fac Fac Ext Traps Triggered 12 | . 1 1 . 1 . 1 1 4 3 Indirectly . | . . . . . . . . . . Trap Hack Attempts . | . . . . . . . . . . Triggered . | . . . . . . . . . . Disarmed 1 | . . . . . . . . 1 . Reprogrammed . | . . . . . . . . . . Reused . | . . . . . . . . . . Traps Extracted . | . . . . . . . . . . Installed . | . . . . . . . . . . Triggered 1 | . . . . . . . . 1 . Machines | -11 -10 -9 -8 -7 -6 -6 -5 -4 -4 ---------- Run | Yrd Mat Mat Mat Fac Fac DSF Fac Fac Ext Machines Disabled 7 | . . 3 1 . . . . 3 . Max in Single Turn 2 | . . 1 1 . . . . 2 . Garrison Access 7 | . . . . . 1 . 2 4 . Machines Repaired . | . . . . . . . . . . Machines Dismantled . | . . . . . . . . . . Machines Sabotaged . | . . . . . . . . . . Overloaded Fab Kills . | . . . . . . . . . . Hacking | -11 -10 -9 -8 -7 -6 -6 -5 -4 -4 --------- Run | Yrd Mat Mat Mat Fac Fac DSF Fac Fac Ext Machines Accessed 64 | . 2 3 5 8 6 . 10 18 12 Terminals 42 | . 1 3 3 7 4 . 4 8 12 Fabricators 6 | . . . . . 1 . 1 4 . Repair Stations 4 | . . . . . . . 2 2 . Recycling Units 3 | . 1 . 1 . . . 1 . . Scanalyzers 3 | . . . 1 1 . . . 1 . Garrison Access 6 | . . . . . 1 . 2 3 . Total Hacks 234 | . 7 7 20 25 20 . 33 94 28 Successful 158 | . 5 4 16 13 12 . 19 80 9 Failed 76 | . 2 3 4 12 8 . 14 14 19 Catastrophic 7 | . . . . 2 . . 1 . 4 Database Lockouts . | . . . . . . . . . . Manual 59 | . . 4 10 8 7 . 1 27 2 Terminals 170 | . 4 7 13 23 17 . 21 57 28 Fabricators 17 | . . . . . 2 . 1 14 . Repair Stations 14 | . . . . . . . 4 10 . Recycling Units 10 | . 3 . 4 . . . 3 . . Scanalyzers 13 | . . . 3 2 . . . 8 . Garrison Access 10 | . . . . . 1 . 4 5 . Terminal Hacks 83 | . 3 1 6 8 8 . 9 40 8 Record 2 | . . . . . . . . 2 . Part Schematic 3 | . . . . 1 . . . 2 . Robot Analysis 2 | . . . . . 2 . . . . Prototype ID Bank 9 | . 1 . 1 3 . . 1 2 1 Open Door 4 | . . . . . . . . . 4 Open DSF 1 | . . . . . 1 . . . . Level Access Points 1 | . . . . . . . . 1 . Branch Access Points 2 | . . . . . . . 1 1 . Emergency Access Points 7 | . 1 . 1 . 1 . . 4 . Machine Index 1 | . . . . . . . 1 . . Terminal Index 2 | . . . . . 1 . . 1 . Fabricator Index 2 | . . . . . 1 . . 1 . Garrison Index 2 | . . . . 1 . . . 1 . Alert Level 8 | . . 1 1 1 . . 1 3 1 Unreport Threat 2 | . . . 1 . . . . 1 . Locate Traps 5 | . . . . . 1 . 1 3 . Disarm Traps 1 | . . . . . . . . 1 . Security Status 1 | . . . 1 . . . . . . Investigation Status 3 | . . . . . . . . 2 1 Reinforcement Status 1 | . . . . . . . . 1 . Recall Investigation 3 | . . . . . . . . 2 1 Recall Extermination 2 | . . . . 1 . . . 1 . Recall Reinforcements 3 | . . . . . . . 1 2 . Registered Components 3 | . . . . . . . 1 2 . Registered Prototypes 2 | . . . . . . . 1 1 . Zone Layout 11 | . 1 . 1 1 1 . 1 6 . Fabricator Hacks 11 | . . . . . 1 . 1 9 . Network Status 3 | . . . . . 1 . 1 1 . Load Schematic 5 | . . . . . . . . 5 . Build 3 | . . . . . . . . 3 . Repair Station Hacks 14 | . . . . . . . 4 10 . Scan Component 7 | . . . . . . . 2 5 . Repair 7 | . . . . . . . 2 5 . Recycling Unit Hacks 5 | . 2 . 1 . . . 2 . . Report Inventory 3 | . 1 . 1 . . . 1 . . Retrieve Components 2 | . 1 . . . . . 1 . . Scanalyzer 12 | . . . 2 2 . . . 8 . Insert Component 5 | . . . 1 1 . . . 3 . Analyze 7 | . . . 1 1 . . . 5 . Garrison Access Hacks 6 | . . . . . 1 . 2 3 . Seal Access 6 | . . . . . 1 . 2 3 . Unauthorized Hacks 27 | . . 3 7 3 2 . 1 10 1 Terminals 21 | . . 3 4 3 2 . 1 7 1 Track 3 | . . . . 1 . . . 2 . Assimilate 2 | . . . 1 . . . . 1 . Botnet 13 | . . 2 3 2 1 . 1 3 1 Operators 3 | . . 1 . . 1 . . 1 . Fabricators 3 | . . . . . . . . 3 . Prioritize 1 | . . . . . . . . 1 . Recompile 2 | . . . . . . . . 2 . Repair Stations . | . . . . . . . . . . Recycling Units 3 | . . . 3 . . . . . . Monitor 1 | . . . 1 . . . . . . Reject 1 | . . . 1 . . . . . . Recyclers 1 | . . . 1 . . . . . . Scanalyzers . | . . . . . . . . . . Garrison Access . | . . . . . . . . . . Data Cores Recovered . | . . . . . . . . . . Used . | . . . . . . . . . . Hacking Detections 46 | . 2 3 4 7 5 . 6 11 8 Full Trace Events 12 | . . 1 2 2 . . 1 1 5 Feedback Events 1 | . . . 1 . . . . . . Hackware Fried 1 | . . . 1 . . . . . . Feedback Blocked . | . . . . . . . . . . Robot Schematics Acquired . | . . . . . . . . . . Robots Built . | . . . . . . . . . . Authchips . | . . . . . . . . . . Time . | . . . . . . . . . . Total Robot Build Rating . | . . . . . . . . . . Part Schematics Acquired 8 | . . . 1 2 . . . 5 . Parts Built 3 | . . . . . . . . 3 . Authchips 2 | . . . . . . . . 2 . Time 392 | . . . . . . . . 392 . Total Part Build Rating 21 | . . . . . . . . 21 . Parts Repaired 7 | . . . . . . . 2 5 . Time 332 | . . . . . . . 50 282 . Parts Recycled . | . . . . . . . . . . Recycled Matter . | . . . . . . . . . . Retrieved Matter . | . . . . . . . . . . Retrieved Components 7 | . 4 . . . . . 3 . . Parts Scanalyzed 5 | . . . 1 1 . . . 3 . Part Schematics Acquired 5 | . . . 1 1 . . . 3 . Parts Damaged 2 | . . . . 1 . . . 1 . Bothacking | -11 -10 -9 -8 -7 -6 -6 -5 -4 -4 ------------ Run | Yrd Mat Mat Mat Fac Fac DSF Fac Fac Ext Used RIF Installer . | . . . . . . . . . . Robots Hacked . | . . . . . . . . . . Non-combat . | . . . . . . . . . . Combat . | . . . . . . . . . . Robot Hacks Applied . | . . . . . . . . . . Relay Couplers Released 2 | . . . . . . . . 2 . Machine Destruction 2 | . . . . . . . . 2 . Fabnet Peak Effective % . | . . . . . . . . . . Robots Rewired 10 | . . . . . . . . . 10 Allies Hacked . | . . . . . . . . . . Hacks Repelled . | . . . . . . . . . . Allies | -11 -10 -9 -8 -7 -6 -6 -5 -4 -4 -------- Run | Yrd Mat Mat Mat Fac Fac DSF Fac Fac Ext Total Allies 15 | . . . . . . . . 1 14 Largest Group 4 | . . . . . . . . 1 4 Highest-Rated Group 217 | . . . . . . . . 10 217 Highest-Rated Ally 159 | . . . . . . . . 10 159 Total Orders . | . . . . . . . . . . Ally Attacks 68 | . . . . . . . . . 68 Total Damage 2118 | . . . . . . . . . 2118 Kills 8 | . . . . . . . . . 8 Allies Corrupted . | . . . . . . . . . . Allies Melted . | . . . . . . . . . . Intel | -11 -10 -9 -8 -7 -6 -6 -5 -4 -4 ------- Run | Yrd Mat Mat Mat Fac Fac DSF Fac Fac Ext Robot Analysis Total 2 | . . . . . 2 . . . . Derelict Logs Recovered . | . . . . . . . . . . Drone Launches . | . . . . . . . . . . Drone Recoveries . | . . . . . . . . . . Exploration | -11 -10 -9 -8 -7 -6 -6 -5 -4 -4 ------------- Run | Yrd Mat Mat Mat Fac Fac DSF Fac Fac Ext Turns Passed 7530 | 61 376 1525 173 579 208 131 718 2849 910 Spaces Moved 6963 | 35 171 739 336 1364 418 131 1158 2129 482 Core 27 | 3 . 22 . . . . . 1 1 Treads 553 | . 28 245 . . . . . 280 . Legs 282 | . . . . . . . . 77 205 Wheels 1230 | 32 143 472 . . . . . 307 276 Hover . | . . . . . . . . . . Flight 4871 | . . . 336 1364 418 131 1158 1464 . Fastest Speed 28 | 50 95 90 31 31 29 28 34 37 100 Average Speed 62 | 87 105 130 31 31 30 32 36 71 113 Slowest Speed 700 | 95 160 350 31 31 31 37 37 700 500 Overloaded Moves 4 | . . . . . . 4 . . . Propulsion Burnouts . | . . . . . . . . . . Robots Hopped 8 | . . . . 4 . . 2 2 . Cave-ins Triggered 1 | . . . . . . . . 1 . Exploration Rate (%) 41 | 4 27 72 30 36 16 89 37 53 48 Regions Visited 9 Branch Regions 1 Pre-discovered Areas . | . . . . . . . . . . Known Exits Taken 5 | . . 1 . 1 1 . 1 1 . Unknown Exits Taken 3 | 1 1 . 1 . . . . . . Scrap Searched . | . . . . . . . . . . Spaces Dug 112 | . . . 3 22 15 . 31 29 12 Terrain Destroyed 200 | . . 33 3 22 15 . 31 70 26 Melee 112 | . . . 3 22 15 . 31 29 12 Projectile 17 | . . . . . . . . 3 14 AOE 68 | . . 33 . . . . . 35 . Terrain Rammed . | . . . . . . . . . . Walls Destroyed . | . . . . . . . . . . Machines Disabled . | . . . . . . . . . . Actions | -11 -10 -9 -8 -7 -6 -6 -5 -4 -4 --------- Run | Yrd Mat Mat Mat Fac Fac DSF Fac Fac Ext Total 9199 | 51 267 1061 395 1472 474 214 1391 3160 714 Wait 1237 | 1 20 135 20 63 30 72 143 731 22 Move 6938 | 34 170 738 335 1355 417 130 1153 2124 482 Hop 8 | . . . . 4 . . 2 2 . Pick Up 58 | 4 2 18 5 4 1 1 5 13 5 Fast Attach 100 | 7 2 12 2 7 3 1 13 34 19 Attach 48 | . 4 9 10 . 2 . 7 11 5 Detach 32 | . 1 5 5 1 2 . 10 8 . Swap 29 | . 5 7 2 1 . . 4 5 5 Drop 56 | . 3 9 8 8 2 1 11 14 . Fire 376 | 5 59 128 1 . . . . 131 52 Melee 185 | . . . 7 29 17 3 43 52 34 Ram 1 | . . . . . . . . 1 . Kick . | . . . . . . . . . . Crush 1 | . 1 . . . . . . . . Escape Stasis 61 | . . . . . . 6 . 34 21 Rewire 69 | . . . . . . . . . 69 Trap . | . . . . . . . . . . Miscellaneous . | . . . . . . . . . . Route ------- -11/Scrapyard -10/Materials -9/Materials (discovered 5 exits: *Mat / *Min x2 / *Sto x2) -8/Materials -7/Factory (discovered 2 exits: *Fac x2) -6/Factory -6/DSF -5/Factory (discovered 5 exits: *Fac x3 / *Upp x2) -4/Factory (discovered 9 exits: *Res x4 / *Upp x2 / *Ext x2 / Arm) -4/Extension History --------- Turn | Location | Event 25 | -11/Scrapyard | Discovered new exit (range 15) 62 | -11/Scrapyard | Entered Materials 204 | -10/Materials | Core integrity fell below 50% 236 | -10/Materials | Lost 5 parts (1p2n2w) 323 | -10/Materials | Build established: Mutant 407 | -10/Materials | Core integrity fell below 20% 433 | -10/Materials | Discovered new exit (range 8) 438 | -10/Materials | Entered another Materials area 438 | -9/Materials | Evolved 2 slots: Utility x2 444 | -9/Materials | Discovered new exit (range 8) 649 | -9/Materials | Lost 6 parts (1p2u3w) 1000 | -9/Materials | Build established: Scavenger-Mutant 1074 | -9/Materials | Discovered new exit (range 16) 1118 | -9/Materials | Core integrity fell below 50% 1151 | -9/Materials | Identified exit to Mines 1297 | -9/Materials | Discovered exit to Mines (range 10) 1413 | -9/Materials | Discovered new exit (range 4) 1436 | -9/Materials | Identified exit to Materials 1853 | -9/Materials | Discovered new exit (range 5) 1858 | -9/Materials | Identified exit to Storage 1938 | -9/Materials | Build established: Mutant 1963 | -9/Materials | Entered another Materials area 1963 | -8/Materials | Evolved 2 slots: Propulsion x2 2037 | -8/Materials | Hacking Suite fried by hacking feedback 2116 | -8/Materials | Discovered new exit (range 5) 2136 | -8/Materials | Entered Factory 2136 | -7/Factory | Evolved 2 slots: Utility x2 2267 | -7/Factory | Build established: Hacker-Sprinter 2360 | -7/Factory | Discovered new exit (range 8) 2417 | -7/Factory | Discovered new exit (range 15) 2464 | -7/Factory | Noticed a derelict Sapper rigging charges 2526 | -7/Factory | Identified exit to Factory 2715 | -7/Factory | Entered another Factory area 2715 | -6/Factory | Evolved 2 slots: Utility x2 2865 | -6/Factory | Identified exit to DSF 2923 | -6/Factory | Entered DSF 2943 | -6/DSF | Additional patrols routed to DSF 3049 | -6/DSF | Discovered new exit (range 14) 3054 | -6/DSF | Identified exit to Factory 3054 | -6/DSF | Entered Factory 3054 | -5/Factory | Evolved 2 slots: Utility x2 3120 | -5/Factory | Spotted B-75 Beast 3151 | -5/Factory | Discovered new exit (range 4) 3152 | -5/Factory | Identified exit to Upper Caves 3364 | -5/Factory | Build established: Wizard-Mutant 3456 | -5/Factory | Discovered new exit (range 16) 3460 | -5/Factory | Identified exit to Factory 3489 | -5/Factory | Repaired Katana 3644 | -5/Factory | Repaired Field Propulsion Array 3660 | -5/Factory | Discovered exit to Factory (range 8) 3757 | -5/Factory | Discovered exit to Factory (range 15) 3772 | -5/Factory | Entered another Factory area 3772 | -4/Factory | Evolved 2 slots: Utility x2 3792 | -4/Factory | Identified exit to Research 3813 | -4/Factory | Identified exit to Upper Caves 3813 | -4/Factory | Identified exit to Extension 3813 | -4/Factory | Identified exit to Armory 4073 | -4/Factory | Build established: Wizard-Ninja 4244 | -4/Factory | Fabricated Cld. Plasma Rifle (x1) 4384 | -4/Factory | Crushed by falling debris 4384 | -4/Factory | System corruption reached 10% 4415 | -4/Factory | Lost 5 parts (5u) 4576 | -4/Factory | Cargo convoy interrupted 4701 | -4/Factory | Build established: Hacker-Mutant 4840 | -4/Factory | Fabricated Adv. Heavy Siege Treads (x1) 5020 | -4/Factory | Fabricated Cld. Plasma Rifle (x1) 5148 | -4/Factory | Repaired Cld. Fission Core 5211 | -4/Factory | Repaired Lgt. Antimatter Reactor 5262 | -4/Factory | Repaired Imp. Heavy Armor Plating 5809 | -4/Factory | Repaired Hyp. Coil Gun 6000 | -4/Factory | Repaired Imp. Heavy Armor Plating 6400 | -4/Factory | Lost 5 parts (4u1w) 6421 | -4/Factory | Found Prototype Processor 6421 | -4/Factory | Identified Exp. Core Analyzer 6425 | -4/Factory | Found Exp. Core Analyzer 6427 | -4/Factory | Found PL-3XN's Ring of Power 6507 | -4/Factory | Destroyed 8 combat bots 6510 | -4/Factory | Core integrity fell below 50% 6593 | -4/Factory | Lost 12 parts (1p5n4u2w) 6621 | -4/Factory | Entered Extension 6779 | -4/Extension | Rescued a captive Derelict 6870 | -4/Extension | Lost 3 allies 6871 | -4/Extension | First assault squad dispatched 6930 | -4/Extension | Lost 9 parts (3n5u1w) 6987 | -4/Extension | Core integrity fell below 20% 7081 | -4/Extension | Lost 8 parts (1p2n3u2w) 7195 | -4/Extension | Build established: Scavenger-Mutant 7292 | -4/Extension | Spotted B-86 Titan 7353 | -4/Extension | Lost 4 allies 7405 | -4/Extension | Rescued a captive Derelict 7406 | -4/Extension | Rescued a captive Derelict 7419 | -4/Extension | Rescued a captive Derelict 7495 | -4/Extension | Rescued A7 7531 | -4/Extension | Destroyed by H-77 Assassin with Coil Gun Last Messages --------------- 07496_ Slug penetrates Reinforced Barrier. 07496_ Y-64 Sentinel KE Penetrator severed. 07498_ Y-64 Sentinel destroyed. 07500_ Acquired KE Penetrator. 07503_ Acquired Imp. Medium Armor Plating. 07515_ Penetrated by Slug. 07515_ Slug penetrates 47-78D(b). 07515_ Penetrated by Slug. 07515_ Slug penetrates H-77 Assassin. 07518_ Slug penetrates Wall. 07518_ Penetrated by Slug. 07519_ Slug penetrates H-77 Assassin. 07521_ Penetrated by Slug. 07521_ Slug penetrates 47-78D(b). 07521_ Slug penetrates Wall. 07528_ Penetrated by Slug. 07528_ System Guard destroyed. 07528_ 47-78D(b) suffers critical hit (Destroy). 07531_ System corrupted: Energy discharge (-78). 07531_ Penetrated by Slug. Map ----- +----------------------------------------------------+ | | | | | | | | | | | | | | | | | | | | | | | | | | | | | | | | | | | | | | | | | | | ?????????????????????????????????????????????????? | | ?????????????????#######?????????????????????????? | | #???############## #?????????????????????????? | | #####T## T" ###########???????????????? | | + " bpb@ h ????????? | | ##### ###########???????????????? | | #???# #### ####### = #?????????????????????????? | | #???# #??# #?????##+####?????????????????????????? | | #???# #??# #?????# %T#???????????????????????????? | | #???# #??# #?????##[##???????????????????????????? | | ????# #??# #??????!*#????????????????????????????? | | ????# #??# #??????###????????????????????????????? | | ????# #??# #?????????????????????????????????????? | | ???? #??# #?????????????????????????????????????? | | ???? #???? ??????????????????????????????????????? | | ???? ?????+??????????????????????????????????????? | | ???? ????????????????????????????????????????????? | | ????#????????????????????????????????????????????? | | ?????????????????????????????????????????????????? | | ?????????????????????????????????????????????????? | | ?????????????????????????????????????????????????? | | ?????????????????????????????????????????????????? | | ?????????????????????????????????????????????????? | | ?????????????????????????????????????????????????? | | ?????????????????????????????????????????????????? | | ?????????????????????????????????????????????????? | | ?????????????????????????????????????????????????? | | ?????????????????????????????????????????????????? | | ?????????????????????????????????????????????????? | +----------------------------------------------------+ Best States ------------- Heat Dissipation 81 Coolant Potential 100 Energy Generation 37 Energy Capacity 350 Matter Stores 300 Matter Capacity 300 Sight Range 22 Robot Scan Range 16 Terrain Scan Range 16 Terrain Scan Density 210 Jamming Range 14 Power Amplification 20 Corruption Containment 8 Armor Coverage 1200 Resistance: KI 20 Resistance: EM 25 Phase Shifting 10 Evasion (%) 64 Targeting Accuracy 16 Core Analysis 12 Recoil Reduction 4 Offensive Hacking 40 Defensive Hacking 32 Authchip Count 1 Item Schematics ----------------- Hacking Suite | -8/Materials | Scanalyzed Imp. Datajack | -7/Factory | Scanalyzed Powered Hammer | -7/Factory | Hacked Cld. Plasma Rifle | -4/Factory | Hacked Adv. Heavy Siege Treads | -4/Factory | Hacked Adv. Shield Generator | -4/Factory | Scanalyzed Hyp. Coil Gun | -4/Factory | Scanalyzed Cld. Fission Core | -4/Factory | Scanalyzed Robot Schematics ------------------ None Fabricated ------------ Cld. Plasma Rifle | x1 | -4/Factory | Authchip Adv. Heavy Siege Treads | x1 | -4/Factory | Authchip Cld. Plasma Rifle | x1 | -4/Factory Alien Tech Used ----------------- None Achievements -------------- Overkill Challenges ------------ None Game ------ Seed ReactiveNetworkCannon Manual? 0 Play Time 01:59:34 Cumulative 195.4 hours Start 2024.12.02 @ 17:28:55 End 2024.12.02 @ 21:14:30 Sessions 3 Manual Loads 0 Difficulty Rogue Special Mode None Game No. 154 Rogue 154 Adventurer 0 Explorer 0 Win Type - Total 4 Types 2/0/1/1/0/0/0/0/0 Lore% 64 Gallery% 69 Achievement% 54 Wizard Run 0 Options --------- Layout 2 ASCII 0 Keyboard 0 Movement Numpad Keybinds 0 Fullscreen 1 Font 16/Terminus Map View 55x47 Zoom Use 0% Tactical HUD 1 Map Filters NONE Filters NONE Steam 1 RUN: 3dc7f534-e471-4042-829f-c64fded6a355